 Dungeon Crawl Stone Soup version 0.24.0-123-gd5b16e6ec5 (webtiles) character file.

Game seed: 16926443132913922899, levelgen mode: deterministic

22670 Johnny the Arsonist (level 12, -6/81 HPs)
             Began as a Demigod Fire Elementalist on Jan 22, 2020.
             Mangled by a two-headed ogre
             ... wielding a +0 giant spiked club
              (20 damage)
             ... on level 1 of the Orcish Mines.
             The game lasted 00:25:35 (14074 turns).

Johnny the Arsonist (Demigod Fire Elementalist)    Turns: 14074, Time: 00:25:36

Health: -6/81      AC: 10    Str: 14    XL:     12   Next: 33%
Magic:  26/30      EV: 20    Int: 27    God:
Gold:   380        SH:  0    Dex: 16    Spells: 21/31 levels left

rFire    + . .     SeeInvis .   L - +1 trident (protect)
rCold    x . .     Gourm    +   (no shield)
rNeg     . . .     Faith    .   A - +2 troll leather armour {Purgy}
rPois    .         Spirit   .   M - +0 helmet
rElec    .         Reflect  .   (no cloak)
rCorr    .         Harm     .   s - +2 pair of gloves {Str+3}
MR       +....                  (no boots)
Stlth    ++........             b - amulet of the gourmand
HPRegen  0.63/turn              j - ring of fire
MPRegen  0.22/turn              y - +3 ring of evasion

@: no status effects
A: high mp 1
a: no special abilities


You were on level 1 of the Orcish Mines.
You were completely stuffed.

You visited 3 branches of the dungeon, and saw 15 of its levels.
You also visited: Sewer.

You collected 716 gold pieces.
You spent 336 gold pieces at shops.

Inventory:

Hand Weapons
 D - a +2 whip of electrocution
 L - a +1 trident of protection (weapon)
Armour
 s - a +2 pair of gloves of strength (worn)
 A - a +2 troll leather armour (worn) {Purgy}
 M - a +0 helmet (worn)
 S - +0 ice dragon scales
Magical Staves
 J - an uncursed staff of wizardry
Jewellery
 b - an amulet of the gourmand (around neck)
 j - a ring of fire (left hand)
 y - a +3 ring of evasion (right hand)
 G - an uncursed ring of protection from cold
 H - an uncursed ring of poison resistance
 K - an uncursed ring of protection from magic
 P - an uncursed ring of resist corrosion
Wands
 o - a wand of flame (38)
 r - a wand of iceblast (2)
 B - a wand of enslavement (3)
 I - a wand of digging (3)
 R - a wand of disintegration (15)
Scrolls
 e - 3 scrolls of magic mapping
 h - 4 scrolls of amnesia
 m - 2 scrolls of immolation
 q - 4 scrolls of remove curse
 u - 2 scrolls of fear
 v - 3 scrolls of fog
 w - 4 scrolls of blinking
 z - a scroll of noise
 N - 4 scrolls of teleportation
 O - a scroll of random uselessness
 Q - 2 scrolls of identify
Potions
 a - 2 potions of agility
 d - 5 potions of haste
 f - 6 potions of flight
 g - 7 potions of heal wounds
 i - 2 potions of berserk rage {unknown}
 k - 2 potions of might {unknown}
 l - 4 potions of curing
 n - a potion of invisibility {unknown}
 p - 2 potions of degeneration {unknown}
 t - 3 potions of cancellation {unknown}
 x - 2 potions of lignification {unknown}
 C - 2 potions of brilliance
 E - 2 potions of mutation
 F - 3 potions of ambrosia {unknown}
Miscellaneous
 T - a sack of spiders
Comestibles
 c - 29 rations
 U - a chunk of flesh


   Skills:
 + Level 7.4 Dodging
 - Level 1.7 Stealth
 * Level 10.0 Spellcasting
 * Level 10.7 Conjurations
 * Level 10.9 Fire Magic


You had 21 spell levels left.
You knew the following spells:

 Your Spells              Type           Power        Failure   Level  Hunger
a - Sticky Flame          Conj/Fire      #######.     1%          4    None
b - Flame Tongue          Conj/Fire      #####        1%          1    None
e - Fireball              Conj/Fire      #######...   1%          5    ####...

Your spell library contained the following spells:

 Spells                   Type           Power        Failure   Level  Hunger
 Throw Flame              Conj/Fire      ######       1%          2    None
 Conjure Flame            Conj/Fire      #######.     1%          3    None
 Inner Flame              Hex/Fire       ######..     1%          3    None


Dungeon Overview and Level Annotations

Branches:
Dungeon (13/15)            Temple (1/1) D:7            Lair (0/6) D:8
    Orc (1/2) D:12          Sewer (visited)
 Vaults: D:13-14

Shops:
D:5 (   D:8 !   D:10 *

Annotations:
D:12 3 runed translucent doors
D:13 Rupert


Innate Abilities, Weirdness & Mutations

You have an increased reservoir of magic. (+10% MP)


Message History

The sticky flame hits the two-headed ogre.
The two-headed ogre is lightly wounded.
The two-headed ogre is covered in liquid flames!
The two-headed ogre burns!
The two-headed ogre hits you with a +0 giant spiked club!!
The two-headed ogre hits you with a +0 giant spiked club!
* * * LOW HITPOINT WARNING * * *
The ogre barely misses you.
An orc warrior comes into view. It is wielding a +0 trident.
An ogre mage comes into view.
Unknown command.
As you read the scroll of fear, it crumbles to dust.
You assume a fearsome visage.
The orc priest looks frightened!
The orc warrior looks frightened!
The orc warrior shouts!
The ogre mage resists with almost no effort.
The two-headed ogre resists with some effort. x2
The ogre looks frightened!
The two-headed ogre burns!
The two-headed ogre hits you with a +0 giant spiked club!!
You die...

......#....
.....#....
$.........
....#....##
.^.......)
.........## .
.......)O.#....
...[..O@O[.....
.[.............
..>.o##.....##.
.... ...$..#
.[. .....## .O
....... o
......#.
..........


You could see 2 two-headed ogres, an ogre mage, an orc warrior (fleeing), an
ogre (fleeing) and an orc priest (fleeing).

Vanquished Creatures
  An ice dragon (D:13)
  2 hydras (D:12)
  A centaur warrior (D:13)
  6 two-headed ogres
  A death yak (D:8)
  A death knight (D:9)
  3 unseen horrors
  Pikel (D:4)
  2 ugly things
  A gargoyle (D:11)
  5 trolls
  A hornet (D:12)
  4 slime creatures (D:9)
  Grinder (D:4)
  2 hippogriffs
  Sigmund (D:2)
  8 yaks
  A wyvern (D:9)
  A hungry ghost (D:11)
  2 basilisks
  A steam dragon (D:9)
  A soldier ant (D:13)
  An acid dragon (D:11)
  5 ice beasts
  Purgy (Sewer)
  9 orc warriors
  4 sky beasts
  A slave (D:4)
  A phantom (D:7)
  An eye of draining (D:12)
  13 centaurs
  8 ogres
  A big kobold (D:12)
  7 bullfrogs
  A gnoll sergeant (D:8)
  2 wyvern skeletons
  3 scorpions
  10 wights
  3 killer bees (D:12)
  3 howler monkeys (D:11)
  A bullfrog zombie (D:7)
  5 crimson imps
  A centaur zombie (D:8)
  A quasit (D:9)
  8 hounds
  3 jellies (D:9)
  7 orc priests
  A bullfrog skeleton (D:9)
  13 orc wizards
  Ijyb (D:4)
  3 iguanas
  6 worker ants
  A bullfrog simulacrum (D:9)
  A howler monkey zombie (D:9)
  A worker ant zombie (D:9)
  13 adders
  7 gnolls
  2 river rats (D:5)
  A shadow imp (D:9)
  6 oozes
  An adder skeleton (D:9)
  An adder zombie (D:5)
  A worm (D:6)
  2 dart slugs
  3 leopard geckos
  53 orcs
  A ball python (D:5)
  6 bats
  3 giant cockroaches
  2 hobgoblins
  3 jackals (D:6)
  12 kobolds
  3 quokkas
  7 frilled lizards
  A jackal skeleton (D:6)
  A quokka skeleton (D:9)
  13 rats
316 creatures vanquished.

Vanquished Creatures (others)
  2 yaks (D:9)
  2 wights (D:12)
4 creatures vanquished.

Grand Total: 320 creatures vanquished

Notes
Turn   | Place    | Note
-------+----------+-------------------------------------------
     0 | D:1      | Johnny the Demigod Fire Elementalist began the quest for
                  | the Orb.
     0 | D:1      | Reached XP level 1. HP: 14/14 MP: 5/5
   134 | D:1      | Reached skill level 1 in Conjurations
   622 | D:2      | Reached XP level 2. HP: 20/20 MP: 0/7
  1122 | D:2      | Found a snail-covered altar of Cheibriados.
  1228 | D:2      | Reached XP level 3. HP: 24/26 MP: 3/9
  1282 | D:2      | Noticed Sigmund
  1533 | D:2      | Killed Sigmund
  1533 | D:2      | Reached XP level 4. HP: 5/33 MP: 4/11
  1533 | D:2      | Reached XP level 5. HP: 6/38 MP: 4/12
  1806 | D:2      | Found a shadowy altar of Dithmenos.
  2032 | D:3      | Found a shattered altar of Ashenzari.
  2143 | D:3      | Noticed an ice beast
  2149 | D:3      | Killed an ice beast
  2149 | D:3      | Reached XP level 6. HP: 23/45 MP: 8/14
  3127 | D:4      | Noticed Pikel
  3395 | D:4      | Found an ornate altar of the Wu Jian Council.
  3526 | D:4      | You fall into a shaft and drop 1 floor!
  3526 | D:5      | Entered Level 5 of the Dungeon
  3618 | D:5      | Learned a level 4 spell: Sticky Flame
  3758 | D:5      | Found Ehewamas's Weapon Boutique.
  3869 | D:5      | Reached XP level 7. HP: 29/50 MP: 8/16
  3884 | D:5      | Reached skill level 5 in Fire Magic
  4171 | D:5      | Found a glowing drain.
  4177 | Sewer    | Entered a sewer
  4363 | Sewer    | Noticed Purgy
  4372 | Sewer    | Killed Purgy
  4783 | D:4      | Killed Pikel
  4783 | D:4      | Reached skill level 5 in Spellcasting
  4783 | D:4      | Reached skill level 5 in Conjurations
  4783 | D:4      | Reached XP level 8. HP: 52/57 MP: 3/19
  4796 | D:4      | Found a hide-covered altar of Uskayaw.
  4943 | D:4      | Noticed Grinder
  4952 | D:4      | Killed Grinder
  4952 | D:4      | Noticed Ijyb
  4980 | D:4      | Killed Ijyb
  5413 | D:6      | Found a hazy altar of Hepliaklqana.
  5615 | D:6      | Found a sparkling altar of Nemelex Xobeh.
  5861 | D:6      | Noticed a moth of wrath
  5925 | D:6      | Found a bloodstained altar of Trog.
  6559 | D:7      | Found a staircase to the Ecumenical Temple.
  6852 | D:7      | Reached XP level 9. HP: 62/62 MP: 21/21
  6879 | D:7      | Learned a level 5 spell: Fireball
  6940 | Temple   | Entered the Ecumenical Temple
  7116 | D:8      | Found a glowing silver altar of Zin.
  7342 | D:8      | Found a sacrificial altar of Ru.
  7377 | D:8      | Noticed a death yak
  7482 | D:8      | Found Wyotoed's Distillery.
  7487 | D:8      | Bought 2 potions of mutation for 192 gold pieces
  7487 | D:8      | Bought a potion of curing for 36 gold pieces
  7487 | D:8      | Bought a potion of heal wounds for 60 gold pieces
  7487 | D:8      | Bought a potion of brilliance for 48 gold pieces
  7561 | D:8      | Found a stormy altar of Qazlal.
  7624 | D:8      | Killed a death yak
  7828 | D:8      | Found a staircase to the Lair.
  8135 | D:9      | Noticed a two-headed ogre
  8178 | D:9      | Killed a two-headed ogre
  8178 | D:9      | Reached skill level 5 in Dodging
  8178 | D:9      | Reached XP level 10. HP: 27/69 MP: 14/24
  8535 | D:9      | Noticed a brown ugly thing
  8555 | D:9      | Killed a brown ugly thing
  8824 | D:9      | Noticed a death knight
  8863 | D:9      | Killed a death knight
  9077 | D:9      | Found a shimmering altar of Xom.
  9481 | D:10     | Entered Level 10 of the Dungeon
  9561 | D:10     | Noticed a two-headed ogre
  9565 | D:10     | Killed a two-headed ogre
  9930 | D:10     | Found an opulent altar of Gozag.
  9938 | D:10     | Found Gozag's Platinum Reserve.
 10254 | D:11     | Reached XP level 11. HP: 74/74 MP: 18/27
 10904 | D:11     | Noticed an unseen horror
 10908 | D:11     | Killed an unseen horror
 11372 | D:12     | Noticed a five-headed hydra
 11399 | D:12     | Killed a five-headed hydra
 11565 | D:12     | Found a staircase to the Orcish Mines.
 11568 | D:12     | Found a roughly hewn altar of Beogh.
 11618 | D:12     | Noticed a seven-headed hydra
 11621 | D:12     | Killed a seven-headed hydra
 11621 | D:12     | Reached skill level 10 in Fire Magic
 11931 | D:12     | Found a runed translucent gate.
 11932 | D:12     | Found a runed translucent gate.
 11933 | D:12     | Found a runed translucent gate.
 11933 | D:12     | Noticed a glowing orange brain
 11934 | D:12     | Noticed a brown very ugly thing
 11937 | D:12     | Noticed a glowing orange brain
 12374 | D:12     | Reached skill level 10 in Conjurations
 12791 | D:12     | Noticed a cyan very ugly thing
 12833 | D:13     | Noticed a centaur warrior
 12836 | D:13     | Killed an unseen horror
 12837 | D:13     | HP: 2/74 [centaur warrior/arrow (22)]
 12839 | D:13     | Killed a centaur warrior
 12975 | D:13     | Noticed a two-headed ogre
 12987 | D:13     | Killed a two-headed ogre
 12987 | D:13     | Reached XP level 12. HP: 64/81 MP: 17/30
 13143 | D:13     | Noticed an ice dragon
 13148 | D:13     | Killed an ice dragon
 13539 | D:13     | Noticed Rupert
 13596 | Orc:1    | Entered Level 1 of the Orcish Mines
 13872 | D:12     | Reached skill level 10 in Spellcasting
 14074 | Orc:1    | Noticed an ogre mage
 14074 | Orc:1    | Mangled by a two-headed ogre

Levels and vault maps discovered:
D:1:      evilmike_arrival_fibonacci_small, layout_basic
D:2:      layout_rooms, nicolae_overflow_hidden_temple, lemuel_doored_altar,
          uniq_sigmund
D:3:      layout_basic, nicolae_ashenzari_panopticon
D:4:      layout_gridville, kennysheep_mini, nicolae_overflow_crystal_walls,
          first_ration, st_stairs_9, minmay_diced_spiral, uniq_pikel, uniq_ijyb,
          uniq_grinder
D:5:      layout_basic, portal_sewer_entry_e, serial_shops, shop_fountains
D:6:      layout_loops_cross, lemuel_crystal_altar, tgw_trog,
          nemelex_xobeh_ov_fountains_minmay, minivault_23, grunt_tough_drop
D:7:      layout_loops_corners, minmay_temple_entry_water_ring
D:8:      layout_basic, zin_statuary, lemuel_crystal_altar, lemuel_round_altar,
          david_lair_generic, serial_shops, kennysheep_little_box
D:9:      minmay_ornate_pinched, layout_irregular_city,
          overflow_temple_1_default, hangedman_little_slice_of_home,
          hangedman_abyss_or_decor_lesser_grid, minmay_microvault
D:10:     layout_loops_ring, nicolae_gozag_zags_fifth_avenue
D:11:     layout_irregular_city, serial_column_ruins,
          column_ruins_circle_medium, column_ruins_circle_medium,
          column_ruins_corridor_straight, column_ruins_columns_corner,
          column_ruins_columns_T
D:12:     layout_loops_ring, minmay_orc_entry_temple_small,
          ploomutoo_gammafunk_ghost_potion_laboratory
D:13:     minmay_nested_s, layout_basic, uniq_rupert
Temple:   chequers_temple_sunken
Orc:1:    layout_caves, gammafunk_ghost_grave, okawaru_metal_pillars_3

Skill      XL: |  1  2  3  4  5  6  7  8  9 10 11 12 |
---------------+-------------------------------------+-----
Conjurations   | 1 2 3 4 5 6 7 8 10 | 10.7
Spellcasting   | 2 3 4 5 7 8 9 10 | 10.0
Fire Magic     | 3 4 6 8 9 10 | 10.9
Dodging        | 2 3 5 7 |  7.4
Stealth        | |  1.7

Action                   |  1- 3 |  4- 6 |  7- 9 | 10-12 || total
-------------------------+-------+-------+-------+-------++-------
Melee: Unarmed           |    12 |       |    20 |       ||    32
       Spear             |       |    32 |    29 |       ||    61
       Whip              |       |       |   105 |       ||   105
       Trident           |       |       |    36 |   464 ||   500
 Cast: Flame Tongue      |    43 |    84 |    78 |    38 ||   243
       Sticky Flame      |       |       |    28 |    83 ||   111
       Fireball          |       |       |     9 |    56 ||    65
Evoke: Wand              |       |       |    10 |    14 ||    24
       Sack of spiders   |       |       |       |     1 ||     1
  Use: Scroll            |       |     5 |    11 |     5 ||    21
       Potion            |       |       |       |     1 ||     1
 Stab: Sleeping          |       |     3 |     8 |     3 ||    14
  Eat: Chunk             |     2 |     4 |    21 |    44 ||    71
       Ration            |       |     1 |     1 |       ||     2
Armor: Robe              |     6 |    11 |     4 |       ||    21
       Troll leather arm |       |       |    57 |   217 ||   274
Dodge: Dodged            |    14 |    55 |   162 |   691 ||   922
